 Dungeon Crawl Stone Soup version 0.20-a0-876-g2c7b0bf (webtiles) character file.

48050 nubinia the Eclecticist (level 14, 0/65 HPs)
             Began as a Spriggan Earth Elementalist on Mar 14, 2017.
             Was a High Priest of Ashenzari.
             Slain by a deep troll (8 damage)
             ... on level 2 of the Orcish Mines on Mar 15, 2017.
             The game lasted 02:06:03 (20474 turns).

nubinia the Eclecticist (SpEE)                     Turns: 20474, Time: 02:06:04

Health: 0/65       AC: 15    Str:  5    XL:     14   Next: 10%
Magic:  25/34      EV: 33    Int: 19    God:    Ashenzari [*****.]
Gold:   1336       SH:  8    Dex: 22    Spells: 15/43 levels left

rFire    + . .     SeeInvis +   a - +5 dagger (flame) (curse)
rCold    . . .     Gourm    .   r - +2 robe {rF+}
rNeg     + . .     Faith    .   p - +0 buckler (curse)
rPois    .         Spirit   .   K - +2 hat
rElec    .         Reflect  .   E - +1 cloak {+Inv}
rCorr    .         Harm     .   (gloves unavailable)
MR       ++++.     Clarity  +   (boots unavailable)
Stlth    +++++++...             b - necklace of Bloodlust {*Rage +Rage MR++ Int-3 Slay+6 *Curse} (curse)
Regen    0.2/turn               o - +5 ring of protection (curse)
MPRegen  0.3/turn               n - ring of positive energy (curse)

@: agile, slightly contaminated, very quick
A: unfitting armour, iridescent scales 1, see invisible, clever 1, herbivore 3,
speed 3, mutation resistance 1, slow metabolism 2
a: Curse Item, Scrying, Transfer Knowledge, Renounce Religion, Evoke Berserk
Rage, Evoke Invisibility


You were on level 2 of the Orcish Mines.
You worshipped Ashenzari.
Ashenzari was extremely pleased with you.
You were not hungry.

You visited 4 branches of the dungeon, and saw 20 of its levels.
You also visited: Ice Cave.

You collected 1336 gold pieces.

Inventory:

Hand Weapons
 a - a cursed +5 dagger of flaming (weapon)
Missiles
 y - 389 stones (quivered)
 R - 176 arrows
Armour
 p - a cursed +0 buckler (worn)
 r - a +2 robe of fire resistance (worn)
 E - a +1 cloak of invisibility (worn)
 K - a +2 hat (worn)
 L - a +0 robe of magic resistance
 Q - a cursed +1 hat of see invisible
Jewellery
 b - the cursed necklace of Bloodlust (around neck) {*Rage +Rage MR++ Int-3 Slay+6 *Curse}
   (You found it in an ice cave)

   [amulet of rage]

   It affects your intelligence (-3).
   It affects your accuracy and damage with ranged weapons and melee attacks
   (+6).
   It affects your resistance to hostile enchantments.
   It lets you go berserk.
   It may make you go berserk in combat.
   It curses itself when equipped.
   It has a curse placed upon it.
 k - a +3 ring of dexterity
 n - a cursed ring of positive energy (left hand)
 o - a cursed +5 ring of protection (right hand)
 u - an uncursed ring of fire
 x - an uncursed ring of flight
 B - a +5 ring of protection
 P - a +5 ring of strength
Wands
 J - a wand of iceblast (13/15)
 N - a wand of lightning (7/15)
 U - a wand of paralysis (10/24)
 V - a wand of enslavement (12/24)
 Z - a wand of acid (8/15)
Scrolls
 c - 2 scrolls of silence
 f - 2 scrolls of fog
 h - 4 scrolls of enchant armour
 j - 4 scrolls of identify
 l - 2 scrolls of immolation
 t - 2 scrolls of fear
 G - 5 scrolls of amnesia
 I - 6 scrolls of teleportation
 W - 3 scrolls of recharging
Potions
 g - 2 potions of invisibility
 i - a potion of flight
 m - 10 potions of curing
 v - 4 potions of haste
 z - a potion of magic
 A - 2 potions of heal wounds
 C - 3 potions of ambrosia
 H - 8 potions of mutation
 M - 3 potions of might
 O - 2 potions of agility
 S - 3 potions of resistance
 Y - 3 potions of brilliance
Miscellaneous
 s - a sack of spiders
Comestibles
 d - 7 bread rations
 w - 23 fruits
 X - 4 royal jellies


   Skills:
 + Level 3.7 Fighting
 + Level 8.1(12.1) Short Blades
 + Level 10.1 Dodging
 + Level 13.1 Stealth
 * Level 1.9(3.9) Shields
 + Level 15.2 Spellcasting
 + Level 3.6(7.2) Conjurations
 + Level 8.1(12.1) Hexes
 - Level 2.0(5.0) Necromancy
 + Level 1.3(3.8) Translocations
 + Level 8.8(12.7) Transmutations
 + Level 10.5(14.3) Earth Magic
 + Level 2.1(5.1) Evocations


You had 15 spell levels left.
You knew the following spells:

 Your Spells              Type           Power        Failure   Level  Hunger
a - Sandblast             Erth           ######       0%          1    None
b - Stone Arrow           Conj/Erth      ######       1%          3    None
c - Beastly Appendage     Tmut           ######       1%          1    None
d - Sticks to Snakes      Tmut           ######..     1%          2    None
e - Petrify               Tmut/Erth      ######..     1%          4    None
f - Apportation           Tloc           ####..       1%          1    None
g - Leda's Liquefaction   Hex/Erth       ######....   1%          4    None
h - Ice Form              Ice/Tmut       #####...     4%          4    None
l - Lee's Rapid Deconstr  Erth           ######....   1%          5    ###....
p - Passwall              Tmut/Erth      ######....   1%          2    None
S - Animate Skeleton      Necr           N/A          1%          1    None


Dungeon Overview and Level Annotations

Branches:
Dungeon (11/15)            Temple (1/1) D:7            Lair (6/6) D:8
  Swamp (0/4) Lair:2        Snake (0/4) Lair:4        Slime (0/5) Lair:6
    Orc (2/2) D:11            Elf (0/3) Orc:2

Altars:
Ashenzari
Cheibriados
Dithmenos
Elyvilon
Fedhas
Gozag
Hepliaklqana
Kikubaaqudgha
Makhleb
Nemelex Xobeh
Okawaru
Qazlal
Ru
Sif Muna
Trog
Uskayaw
Vehumet
Wu Jian
Xom
Yredelemnul
Zin
The Shining One
Jiyva

Shops:
Orc:2 %(!!

Portals:
Hell: Lair:6
Volcano: Orc:2

Annotations:
Lair:6 1 runed door


Innate Abilities, Weirdness & Mutations

You are very small and have problems with some larger weapons.
You are too small for most types of armour.
You have supernaturally acute eyesight. (SInv)
You are a herbivore.
You cover ground extremely quickly.
You need consume almost no food.
You are partially covered in iridescent scales. (AC +2)
Your mind is acute. (Int +2)
You are somewhat resistant to further mutation.


Message History

The two-headed ogre closely misses your hell hound skeleton.
The two-headed ogre hits your hell hound skeleton with a giant club!!
Your hell hound skeleton is destroyed!
Your adder barely misses the deep troll.
You hear a shout!
Unknown command.
Unknown command.
Unknown command.
Casting: Sticks to Snakes
Confirm with . or Enter, or press ? or * to list all spells.
Aiming: Stone Arrow
Press: ? - help, Shift-Dir - straight line, f - deep troll
Aim: a deep troll The stone arrow hits the deep troll.
The deep troll is moderately wounded.
Your adder bites the deep troll but does no damage.
The deep troll bites you!
* * * LOW HITPOINT WARNING * * *
The deep troll claws you!
You die...

.........###.##
*,,,#...#....#...## *
.*#........#(...###
,,,,..##....((().(..#.### *,
,....#.....(#)#{.....##
,,,........)).####.#....#
,,,,.........#### ##.#...##
, ,.....#%###S###.......# *
,*#...,#)#.%T@##...$...# ...
*#)#..S###....O.## * * ,
#)oO#####......##* * ,
##)#####......... * * ###
#...#.#{#....* * * *
##.##.${.##.#* ##### *
##(..{....#*
....###########........{.. *
...OO##...{#....{..........*


You could see a two-headed ogre, a deep troll, an orc and 2 friendly adders.

Vanquished Creatures
  A dire elephant (Lair:6)
  Snorg (D:10)
  2 hydras
  3 two-headed ogres
  A sun demon (Lair:6)
  A wizard (Lair:6)
  3 ugly things
  A cyclops (Orc:2)
  Maurice (D:10)
  A centaur zombie (D:11)
  15 elephants
  3 ice statues (IceCv)
  3 black mambas
  2 orange demons (Lair:6)
  13 spiny frogs
  A torpor snail (Lair:6)
  4 komodo dragons
  3 ice devils
  6 rime drakes
  A red devil (Lair:6)
  A troll (Orc:2)
  A hornet (D:8)
  16 blink frogs
  6 hippogriffs
  Sigmund (D:5)
  A wyvern (Lair:6)
  2 basilisks
  14 yaks
  A hungry ghost (D:7)
  Grum (D:10)
  5 vampire mosquitoes
  An acid dragon (D:11)
  6 hell hounds
  8 porcupines
  15 water moccasins
  A black bear (D:8)
  11 orc warriors
  Duvessa (D:7)
  7 ice beasts
  5 sky beasts
  A phantom (D:9)
  4 wolves (D:10)
  7 ogres
  10 crocodiles
  5 centaurs
  4 big kobolds
  16 bullfrogs
  Dowan (D:7)
  A scorpion (D:7)
  6 killer bees
  5 wights (D:9)
  An electric eel (Lair:1)
  2 crimson imps
  3 howler monkeys (D:8)
  A bullfrog zombie (D:8)
  A jelly (D:5)
  9 orc priests
  8 hounds
  10 orc wizards
  A bullfrog skeleton (D:6)
  Jessica (D:2)
  A centaur skeleton (D:4)
  2 iguanas
  9 worker ants
  A hound zombie (D:9)
  3 hound skeletons
  3 worker ant zombies
  2 howler monkey skeletons
  17 adders
  3 shadow imps
  2 oozes (D:1)
  An adder zombie (D:8)
  An adder skeleton (D:5)
  3 worms
  4 dart slugs
  2 leopard geckos
  59 orcs
  9 giant cockroaches
  6 goblins
  8 hobgoblins
  7 jackals
  3 quokkas
  3 ball pythons
  A ball python zombie (D:6)
  9 bats
  5 frilled lizards
  18 kobolds
  A leopard gecko skeleton (D:8)
  A quokka zombie (D:5)
  12 rats
  2 fungi
465 creatures vanquished.

Vanquished Creatures (collateral kills)
  Erolcha (D:10)
  A hydra (Lair:4)
  A two-headed ogre (D:11)
  2 death yaks (Lair:6)
  A lindwurm (Lair:5)
  3 elephants
  2 torpor snails (Lair:6)
  An orange demon (Lair:6)
  3 spiny frogs
  3 komodo dragons
  10 blink frogs
  2 dream sheep (D:9)
  2 hippogriffs
  7 yaks
  A basilisk (Lair:3)
  A vampire mosquito (Lair:2)
  5 water moccasins
  4 porcupines
  An ogre (D:11)
  A crocodile (Lair:6)
  A big kobold (D:9)
  2 killer bees (D:8)
  A worker ant (D:8)
  An adder (Lair:4)
  An adder skeleton (D:8)
  An orc (D:9)
  A kobold (D:10)
  11 fungi
  9 plants
80 creatures vanquished.

Vanquished Creatures (others)
  2 orcs (Orc:2)
  2 fungi (Lair:4)
  3 plants (Lair:4)
7 creatures vanquished.

Grand Total: 552 creatures vanquished

Notes
Turn   | Place    | Note
-------+----------+-------------------------------------------
     0 | D:1      | nubinia the Spriggan Earth Elementalist began the quest for the Orb.
     0 | D:1      | Reached XP level 1. HP: 9/9 MP: 5/5
   125 | D:1      | Reached XP level 2. HP: 13/13 MP: 6/6
   139 | D:1      | Learned a level 2 spell: Passwall
   196 | D:1      | Reached skill level 3 in Spellcasting
   649 | D:1      | Reached XP level 3. HP: 16/16 MP: 8/8
   654 | D:1      | Learned a level 3 spell: Stone Arrow
  1693 | D:2      | Reached skill level 1 in Short Blades
  2054 | D:2      | Noticed Jessica
  2061 | D:2      | Killed Jessica
  2061 | D:2      | Reached XP level 4. HP: 4/21 MP: 5/10
  3520 | D:3      | Reached XP level 5. HP: 22/25 MP: 11/11
  3592 | D:3      | Found a glowing golden altar of the Shining One.
  3680 | D:3      | Reached skill level 1 in Fighting
  4124 | D:4      | Noticed an ogre
  4133 | D:4      | Killed an ogre
  4189 | D:4      | Reached XP level 6. HP: 30/30 MP: 5/12
  4286 | D:3      | Reached skill level 5 in Stealth
  4286 | D:3      | Reached skill level 4 in Spellcasting
  4882 | D:4      | Found a shimmering altar of Xom.
  4974 | D:5      | Entered Level 5 of the Dungeon
  5050 | D:5      | Reached XP level 7. HP: 29/33 MP: 14/14
  5372 | D:5      | Noticed Sigmund
  5417 | D:5      | Killed Sigmund
  5417 | D:5      | Reached skill level 5 in Dodging
  5653 | D:5      | Found a sacrificial altar of Ru.
  5694 | D:5      | Reached skill level 5 in Spellcasting
  5811 | D:6      | Found a shattered altar of Ashenzari.
  5918 | D:6      | Gained mutation: You are partially covered in iridescent scales. (AC +2) [potion of mutation]
  5918 | D:6      | Gained mutation: You are somewhat resistant to further mutation. [potion of mutation]
  5918 | D:6      | Gained mutation: Your mind is acute. (Int +2) [potion of mutation]
  6012 | D:6      | Became a worshipper of Ashenzari the Shackled
  6081 | D:6      | Reached skill level 5 in Short Blades
  6081 | D:6      | Reached XP level 8. HP: 37/37 MP: 15/17
  6193 | D:6      | Reached skill level 6 in Spellcasting
  6438 | D:6      | Found a stormy altar of Qazlal.
  6501 | D:6      | Reached skill level 5 in Earth Magic
  6546 | D:6      | Found a snail-covered altar of Cheibriados.
  6557 | D:6      | Found a white marble altar of Elyvilon.
  6558 | D:6      | Found a bloodstained altar of Trog.
  6707 | D:7      | Found a bloodstained altar of Trog.
  6751 | D:7      | Found a deep blue altar of Sif Muna.
  7041 | D:7      | Learned a level 1 spell: Beastly Appendage
  7043 | D:7      | Noticed Duvessa
  7052 | D:7      | Killed Duvessa
  7052 | D:7      | Reached skill level 1 in Conjurations
  7078 | D:7      | Noticed Dowan
  7114 | D:7      | Killed Dowan
  7138 | D:7      | Noticed a hippogriff
  7145 | D:7      | Killed a hippogriff
  7161 | D:7      | Reached skill level 7 in Spellcasting
  7161 | D:7      | Reached XP level 9. HP: 42/42 MP: 9/20
  7390 | D:7      | Found a burning altar of Makhleb.
  7630 | D:7      | Learned a level 5 spell: Lee's Rapid Deconstruction
  7677 | D:7      | Found a staircase to the Ecumenical Temple.
  7686 | Temple   | Entered the Ecumenical Temple
  7738 | Temple   | Reached * piety under Ashenzari
  8235 | D:8      | Found a staircase to the Lair.
  8327 | D:8      | Identified a scroll of acquirement
  8415 | D:8      | Reached skill level 8 in Spellcasting
  8432 | D:8      | Learned a level 2 spell: Sticks to Snakes
  9071 | Lair:1   | Entered Level 1 of the Lair of Beasts
  9111 | D:8      | Noticed a two-headed ogre
  9133 | D:8      | Killed a two-headed ogre
  9139 | D:8      | Reached XP level 10. HP: 47/47 MP: 12/23
  9427 | D:8      | Learned a level 1 spell: Animate Skeleton
  9738 | D:8      | Reached skill level 9 in Spellcasting
 10032 | Lair:1   | Learned a level 4 spell: Petrify
 10049 | Lair:1   | Found a white marble altar of Elyvilon.
 10093 | Lair:1   | Identified the ring "Soaceihi" {Str+3 SInv}
 10185 | Lair:1   | Reached skill level 1 in Necromancy
 10231 | Lair:1   | Reached ** piety under Ashenzari
 10680 | Lair:2   | Noticed a spiny frog
 10692 | Lair:2   | Killed a spiny frog
 10737 | Lair:2   | Reached skill level 5 in Transmutations
 10818 | Lair:1   | Reached skill level 10 in Spellcasting
 10935 | Lair:1   | Noticed a spiny frog
 10943 | Lair:1   | Killed a spiny frog
 11133 | Lair:2   | Reached XP level 11. HP: 45/51 MP: 16/26
 11253 | Lair:2   | Found a staircase to the Swamp.
 11533 | Lair:3   | Reached *** piety under Ashenzari
 11574 | Lair:3   | Found a frozen archway.
 11716 | IceCv    | Entered an ice cave
 11890 | IceCv    | Reached skill level 10 in Stealth
 11901 | IceCv    | Learned a level 1 spell: Apportation
 12021 | IceCv    | Noticed a white ugly thing
 12043 | IceCv    | Killed a white ugly thing
 12043 | IceCv    | Reached skill level 11 in Spellcasting
 12748 | IceCv    | Killed a white ugly thing
 12994 | Lair:3   | Learned a level 4 spell: Leda's Liquefaction
 13423 | Lair:4   | Reached skill level 1 in Hexes
 13622 | Lair:4   | Reached skill level 12 in Spellcasting
 13647 | Lair:4   | Noticed a seven-headed hydra
 13647 | Lair:4   | Found a staircase to the Snake Pit.
 13923 | Lair:4   | Reached XP level 12. HP: 56/56 MP: 16/29
 14062 | Lair:4   | Noticed a four-headed hydra
 14072 | Lair:4   | Killed a four-headed hydra
 14329 | Lair:4   | Reached **** piety under Ashenzari
 14340 | Lair:4   | Killed a seven-headed hydra
 14638 | Lair:4   | Upgraded the game from 0.20-a0-871-g785f14b to 0.20-a0-876-g2c7b0bf
 14730 | Lair:5   | Reached skill level 13 in Spellcasting
 15062 | Lair:5   | Reached skill level 5 in Hexes
 15284 | Lair:5   | Identified the cursed +1 halberd of Youthful Indiscretion {antimagic, +Inv rElec SInv}
 15663 | Lair:6   | Entered Level 6 of the Lair of Beasts
 15670 | Lair:6   | Noticed a death yak
 15674 | Lair:6   | Noticed a death yak
 15696 | Lair:6   | Killed a death yak
 15700 | Lair:6   | Found an ornate altar of the Wu Jian Council.
 15706 | Lair:6   | Killed a death yak
 15820 | Lair:6   | Reached skill level 1 in Translocations
 15824 | Lair:6   | Reached XP level 13. HP: 52/60 MP: 9/31
 16209 | Lair:6   | Reached skill level 10 in Earth Magic
 16266 | Lair:6   | Reached skill level 14 in Spellcasting
 16384 | Lair:6   | Noticed a dire elephant
 16390 | Lair:6   | Killed a dire elephant
 16619 | Lair:6   | Found a runed door.
 16620 | Lair:6   | Found a viscous altar of Jiyva.
 16621 | Lair:6   | Noticed an azure jelly
 16621 | Lair:6   | Noticed an azure jelly
 16622 | Lair:6   | Found a staircase to the Slime Pits.
 16763 | Lair:6   | Reached ***** piety under Ashenzari
 16915 | Lair:6   | Found a burning altar of Makhleb.
 17421 | Lair:6   | Found a gateway to Hell.
 17675 | D:9      | Found an ornate altar of the Wu Jian Council.
 17725 | D:9      | Found an opulent altar of Gozag.
 17726 | D:9      | Found a glowing silver altar of Zin.
 17759 | D:9      | Identified the +5 mace of Howeb {elec, +Blink rElec rF++ Int-2}
 17970 | D:9      | Reached skill level 1 in Evocations
 18545 | D:10     | Entered Level 10 of the Dungeon
 18643 | D:10     | Noticed Maurice
 18648 | D:10     | Killed Maurice
 18648 | D:10     | Reached skill level 10 in Dodging
 18716 | D:10     | Learned a level 4 spell: Ice Form
 18757 | D:10     | Found a glowing silver altar of Zin.
 18804 | D:10     | Noticed Grum
 18825 | D:10     | Killed Grum
 18939 | D:10     | Noticed Snorg
 18964 | D:10     | Killed Snorg
 19090 | D:10     | Noticed Erolcha
 19109 | D:10     | Reached skill level 1 in Shields
 19147 | D:10     | Killed Erolcha
 19386 | D:11     | Reached skill level 15 in Spellcasting
 19424 | D:11     | Found a staircase to the Orcish Mines.
 19798 | D:11     | Reached XP level 14. HP: 64/65 MP: 34/34
 19995 | D:11     | Identified the +9 scythe "Casuow" {flame, rC++ MR+ Int-5}
 20183 | Orc:1    | Entered Level 1 of the Orcish Mines
 20228 | Orc:2    | Entered Level 2 of the Orcish Mines
 20296 | Orc:2    | Found Gykiefizog's Food Boutique.
 20298 | Orc:2    | Found Ucrixtil's Antique Weapon Shoppe.
 20304 | Orc:2    | Found Xoramiwk's Distillery.
 20346 | Orc:2    | Found a staircase to the Elven Halls.
 20372 | Orc:2    | Found Juch's Distillery.
 20431 | Orc:2    | Found a dark tunnel.
 20474 | Orc:2    | Slain by a deep troll

Vault maps used:
D:1:      scummos_arrival_simple_fountains, minmay_misc_feat_square,
          minmay_tetromino_l4
D:2:      first_bread, uniq_jessica
D:3:      nicolae_tso_carved_into_rock, minmay_misc_feat_iff
D:4:      xom_butterflies
D:5:      nicolae_ru_awakened_eye, uniq_sigmund
D:6:      marbit_many_paths, nicolae_ashenzari_panopticon, minitemple
D:7:      lemuel_round_altar, lightli_temple_of_fire,
          minmay_temple_entry_poolview, basic_altar, uniq_duvessa
D:8:      lair_entry_dummy
D:9:      grunt_temple_overflow_gold_and_silver, lemuel_doored_altar,
          hangedman_ranch
D:10:     basic_altar, uniq_erolcha, uniq_maurice, uniq_grum, uniq_snorg
D:11:     hiddenorc1_lemuel, nicolae_twisting_strands, minmay_statues_item
Temple:   compressed_dpeg_triangle_lava_temple
Lair:1:   basic_altar, nicolae_quartered_pool_super, serial_bayou_shore_b
Lair:2:   minmay_swamp_entry_swarm
Lair:3:   portal_ice_cave_demonic_guard, beast_lair_carwin_2
Lair:4:   minmay_snake_entry_six_corridors, grunt_megastairs_1
Lair:5:   grunt_megastairs_4
Lair:6:   evil_forest, slime_altar_2, basic_altar, st_stairs_6
Orc:2:    st_orc_open, enter_volcano_3
IceCv:    ice_cave_statue_garden_chambered

Skill      XL: |  1  2  3  4  5  6  7  8  9 10 11 12 13 |
---------------+----------------------------------------+-----
Earth Magic    | 3 4 5 6 7 9 10 | 10.5
Spellcasting   | 3 4 5 7 8 10 12 13 15 | 15.2
Short Blades   | 1 2 3 5 6 7 8 |  8.1
Stealth        | 4 5 6 7 9 10 11 13 | 13.1
Dodging        | 4 5 7 8 9 10 | 10.1
Fighting       | 1 2 3 |  3.7
Conjurations   | 1 2 3 |  3.6
Transmutations | 2 6 7 8 |  8.8
Necromancy     | 1 2 |  2.0
Hexes          | 2 6 8 |  8.1
Translocations | 1 |  1.3
Evocations     | 2 |  2.1
Shields        | 1 |  1.9

Action                   |  1- 3 |  4- 6 |  7- 9 | 10-12 | 13-15 || total
-------------------------+-------+-------+-------+-------+-------++-------
Melee: Dagger            |   218 |   200 |   204 |   427 |   433 ||  1482
 Cast: Sandblast         |    14 |    21 |    41 |    59 |    56 ||   191
       Stone Arrow       |       |     8 |    23 |    81 |    71 ||   183
       Passwall          |       |       |     1 |       |     1 ||     2
       Animate Skeleton  |       |       |       |    67 |    83 ||   150
       Petrify           |       |       |       |    36 |    26 ||    62
       Beastly Appendage |       |       |       |     1 |       ||     1
       Lee's Rapid Decon |       |       |       |    18 |     7 ||    25
       Sticks to Snakes  |       |       |       |     6 |     4 ||    10
       Apportation       |       |       |       |     2 |       ||     2
Invok: Curse Item        |       |       |     3 |       |     1 ||     4
 Abil: Evoke Invisibilit |       |       |       |       |     1 ||     1
  Use: Scroll            |     1 |     7 |     9 |     9 |     3 ||    29
       Potion            |       |     3 |     2 |     3 |     3 ||    11
 Stab: Sleeping          |    10 |     8 |     8 |    23 |    33 ||    82
       Distracted        |       |     1 |       |     9 |     5 ||    15
       Petrified         |       |       |       |    14 |     6 ||    20
       Petrifying        |       |       |       |     3 |     5 ||     8
       Invisible         |       |       |       |       |     9 ||     9
  Eat: Bread ration      |       |     1 |       |     1 |     1 ||     3
       Royal jelly       |       |       |     2 |     1 |     1 ||     4
Armor: Robe              |    20 |    23 |    21 |    50 |    32 ||   146
       Skin              |       |       |       |       |     7 ||     7
Dodge: Dodged            |   162 |   146 |   149 |   302 |   260 ||  1019
Block: Buckler           |       |       |       |       |    36 ||    36
